 Dungeon Crawl Stone Soup version 0.24.0-5-g267a8d59f4 (webtiles) character file.

Game seed: 11309553058756959180, levelgen mode: classic

35 EnegeticOcto the Cutter (level 3, -2/27 HPs)
             Began as a Vampire Warper on Nov 1, 2019.
             Slain by an adder (3 damage)
             ... on level 2 of the Dungeon.
             The game lasted 00:00:39 (802 turns).

EnegeticOcto the Cutter (Vampire Warper)             Turns: 802, Time: 00:00:39

Health: -2/27      AC:  3    Str: 10    XL:     3   Next: 16%
Magic:  6/6        EV: 12    Int: 16    God:
Gold:   35         SH:  0    Dex: 13    Spells: 6/6 levels left

rFire    . . .     SeeInvis +   a - +0 short sword
rCold    . . .     Gourm    .   (no shield)
rNeg     . . .     Faith    .   b - +0 leather armour
rPois    .         Spirit   .   (no helmet)
rElec    .         Reflect  .   (no cloak)
rCorr    .         Harm     .   (no gloves)
MR       .....                  (no boots)
Stlth    ++........             (no amulet)
HPRegen  0.29/turn              (no ring)
MPRegen  0.10/turn              (no ring)

@: lethally poisoned (-2 -> -3), regenerating quickly
A: no food, fangs 3, see invisible, unbreathing
a: Exsanguinate


You were on level 2 of the Dungeon.
You were alive.

You visited 1 branch of the dungeon, and saw 2 of its levels.

You collected 35 gold pieces.

Inventory:

Hand Weapons
 a - a +0 short sword (weapon)
Missiles
 e - 5 boomerangs of dispersal (quivered)
Armour
 b - a +0 leather armour (worn)
Jewellery
 k - an uncursed ring of flight {unknown}
Scrolls
 c - 2 scrolls of teleportation {unknown}
 d - a scroll of blinking {@r4}
 g - a scroll of magic mapping {unknown}
 h - a scroll of identify {unknown}
 i - a scroll of remove curse {unknown}
 l - a scroll of immolation {unknown}
Potions
 f - a potion of lignification {unknown}
 j - a potion of curing {unknown}


   Skills:
 + Level 2.2 Fighting
 + Level 2.7 Short Blades
 - Level 0.7 Throwing
 - Level 0.7 Armour
 + Level 2.7 Dodging
 + Level 2.1 Stealth
 - Level 2.0 Spellcasting
   Level 2.4 Translocations


You had 6 spell levels left.
You didn't know any spells.
Your spell library contained the following spells:

 Spells                   Type           Power        Failure   Level  Hunger
 Blink                    Tloc           N/A          16%         2    N/A
 Shroud of Golubria       Chrm/Tloc      #.....       26%         2    N/A
 Gell's Gravitas          Tloc           #.........   32%         3    N/A
 Lesser Beckoning         Tloc           #.........   32%         3    N/A
 Teleport Other           Tloc           #.......     32%         3    N/A
 Passage of Golubria      Tloc           N/A          71%         4    N/A

Dungeon Overview and Level Annotations

Branches:
Dungeon (2/15)

Altars:


Innate Abilities, Weirdness & Mutations

You do not eat.
Your natural rate of healing is unusually fast.
You have razor-sharp teeth.
You have supernaturally acute eyesight. (SInv)
You can survive without breathing.


Message History

You hit the goblin.
You kill the goblin!
You hit the leopard gecko.
The leopard gecko is almost dead.
The leopard gecko barely misses you. The leopard gecko bites you.
You barely miss the leopard gecko.
The leopard gecko is almost dead.
The leopard gecko closely misses you.
You hit the leopard gecko.
You kill the leopard gecko!
Your Stealth skill increases to level 2!
No target in view!
No target in view!
No target in view!
No target in view!
You see here a +0 club.
You open the door. 2 adders come into view.
The adder hisses angrily.
The adder moves out of view.
An adder is nearby!
An adder is nearby!
An adder is nearby!
There is an open door here.
The helpless adder fails to defend itself.
You puncture the adder!
You kill the adder!
You have reached level 3!
Your experience leads to an increase in your attributes!
Increase (S)trength, (I)ntelligence, or (D)exterity?
You feel clever.
If you were bloodless you could now transform into a vampire bat.
An adder is nearby!
An adder is nearby!
The adder bites you. The adder barely misses you.
You closely miss the adder. The adder bites you.
You are poisoned.
The adder poisons you!
You hit the adder but do no damage.
You feel sick. The adder closely misses you.
You miss the adder. The adder barely misses you.
You miss the adder.
You feel sick. The adder bites you. The adder closely misses you.
You barely miss the adder. The adder bites you.
You miss the adder. The adder completely misses you.
You hit the adder.
The adder is moderately wounded.
The adder closely misses you.
You barely miss the adder.
The adder is moderately wounded.
You feel sick. The adder bites you.
You are more poisoned.
The adder poisons you! The adder bites you.
You barely miss the adder. Your bite misses the adder.
The adder is moderately wounded.
The adder bites you but does no damage.
You hit the adder but do no damage.
The adder is moderately wounded.
You feel sick. The adder misses you.
You hit the adder.
The adder is moderately wounded.
The adder bites you.
You are too injured to fight recklessly!
You are too injured to fight recklessly!
You are too injured to fight recklessly!
You are too injured to fight recklessly!
You are too injured to fight recklessly!
You are too injured to fight recklessly!
You are too injured to fight recklessly!
You barely miss the adder.
The adder is moderately wounded.
You feel sick. The adder bites you. The adder barely misses you.
You miss the adder.
The adder is moderately wounded.
The adder closely misses you.
You hit the adder.
The adder is severely wounded.
You feel sick. The adder bites you.
You are more poisoned.
The adder poisons you!
You closely miss the adder.
The adder is severely wounded.
The adder barely misses you.
You miss the adder. Your bite misses the adder.
The adder is severely wounded.
You feel sick. The adder misses you.
You barely miss the adder.
The adder is severely wounded.
You feel sick. The adder bites you.
* * * LOW HITPOINT WARNING * * *
The adder closely misses you.
You closely miss the adder.
The adder is heavily wounded.
The adder bites you.
* * * LOW HITPOINT WARNING * * *
You closely miss the adder.
The adder is heavily wounded.
* * * LOW HITPOINT WARNING * * *
You feel sick. The adder bites you.
You die...

.##### .....#
######### #....#
##.......###....#
.........'......#
.......@.##.....#
......S..##.....#
......#####.....#
#+# ......
#.#..## #.# .....
#.##.# #.# .....
#.##.# ###.# ....
#.##.## #....
....
##+##..####....
#...##.#......♣


You could see an adder.

Vanquished Creatures
  2 adders (D:2)
  A dart slug (D:2)
  A leopard gecko (D:2)
  A ball python (D:1)
  A goblin (D:2)
  3 hobgoblins
  4 bats
  A frilled lizard (D:1)
  A kobold (D:1)
  A rat (D:1)
16 creatures vanquished.

Notes
Turn   | Place    | Note
-------+----------+-------------------------------------------
     0 | D:1      | EnegeticOcto the Vampire Warper began the quest for the
                  | Orb.
     0 | D:1      | Reached XP level 1. HP: 16/16 MP: 3/3
   334 | D:1      | Reached skill level 1 in Stealth
   417 | D:1      | Reached XP level 2. HP: 22/22 MP: 5/5
   726 | D:2      | Found a faded altar of an unknown god.
   781 | D:2      | Reached XP level 3. HP: 27/27 MP: 6/6
   802 | D:2      | HP: 1/27 [poisoned by an adder]
   802 | D:2      | Slain by an adder

Levels and vault maps discovered:
D:1:      scummos_arrival_star, layout_basic
D:2:      layout_basic, chequers_ecumenical_altar_grove, moated_statue

Skill      XL: |  1  2 |
---------------+-------+-----
Stealth        | 1 2 |  2.1
Fighting       | 2 |  2.2
Short Blades   | |  2.7
Throwing       | |  0.7
Armour         | |  0.7
Dodging        | |  2.7
Spellcasting   | |  2.0
Translocations | |  2.4

Action                   || total
-------------------------++-------
Melee: Short sword       ||    96
       Bite              ||     4
 Stab: Sleeping          ||     1
Armor: Leather armour    ||    30
Dodge: Dodged            ||    60
